[Event "Early-Titled-Tuesday-Blitz-May-28-2024"]
[Site "Chess.com"]
[Date "2024.05.28"]
[Round "8"]
[White "BashirliSaadat"]
[Black "HajiyevKanan"]
[Result "0-1"]
[WhiteElo "2371"]
[BlackElo "2516"]
[TimeControl "180+1"]
[EndTime "9:32:15 PDT"]
[Termination "HajiyevKanan won by checkmate"]

1. d4 c6 2. e3 d5 3. f4 Nf6 4. Bd3 Bg4 5. Nf3 h5 6. h3 Bxf3 7. Qxf3 e6 8. Nd2 c5 9. c3 Nc6 10. O-O Qb6 11. b3 Rc8 12. Bb2 g6 13. Rac1 cxd4 14.
exd4 Bd6 15. Bb1 h4 16. Qe3 Kd7 17. c4 Qc7 18. c5 Bf8 19. Nf3 Bh6 20. Ne5+ Nxe5 21.
dxe5 Ng8 22. b4 a6 23. a4 Ne7 24. b5 axb5 25. axb5 Nf5 26. c6+ bxc6 27. bxc6+ Qxc6 28. Bxf5 Qb7 29. Bxe6+ fxe6 30. Bd4 Ke7 31. Qd3 Kf7 32. Ra1 Ra8 33. Rab1 Qd7 34. Rb6 Rhb8 35. Rd6 Qc7 36. Qf3 Qc4 37. Be3 Qe4 38. Rd7+ Ke8 39. Rh7 Qxf3 40.
Rxf3 Bf8 41. Rh8 Ra1+ 42. Kh2 Kf7 43. Rh7+ Bg7 44. Rxh4 Rb2 45. Bd4 Raa2 46. Bxb2 Rxb2 47. Rg4 Rb4 48. Rgg3 Re4 49. Rg4 Bh6 50. g3 Kg7 51. h4 Kf7 52. h5 gxh5 53. Rh4 Kg6 54. Kg2 Re2+ 55. Rf2 Re1 56. Rh1 Re4 57. Rd1 h4 58.
Rh1 hxg3 59. Kxg3 Re3+ 60. Rf3 Re4 61. Rb1 Kf5 62. Rb7 Bxf4+ 63. Kf2 Kxe5 64. Rf7 Bg5 65. Rg7 Bf6 66. Rg6 Bh4+ 67. Kg2 d4 68. Kh3 Be1 69.
Rg5+ Kd6 70. Rg2 e5 71. Ra2 Kd5 72. Kg2 Bc3 73. Kf2 Rh4 74. Kg3 Rh7 75. Ra8 Rg7+ 76.
Kf2 Ke4 77. Re8 Rh7 78. Kg2 Rg7+ 79. Kf2 Bb4 80. Ref8 Bxf8 81. Rxf8 Ra7 82. Ke2 Ra2+ 83. Kd1 Kd3 84. Rf3+ Ke4 85. Rh3 d3 86. Rh4+ Kd5 87.
Kc1 e4 88. Rh8 Kd4 89. Kd1 Ra1+ 90. Kd2 e3# 0-1

[Event "Early-Titled-Tuesday-Blitz-May-28-2024"]
[Site "Chess.com"]
[Date "2024.05.28"]
[Round "8"]
[White "Konavets"]
[Black "jcibarra"]
[Result "1-0"]
[WhiteElo "3079"]
[BlackElo "2916"]
[TimeControl "180+1"]
[EndTime "9:32:18 PDT"]
[Termination "Konavets won on time"]

1. e4 c5 2. Nf3 Nc6 3. Bb5 e6 4. O-O Nd4 5. Nxd4 cxd4 6. Re1 Bc5 7. c3 a6 8. Bf1 Ne7 9. b4 Ba7 10. Bb2 O-O 11. c4 d6 12. d3 e5 13. Nd2 f5 14.
exf5 Bxf5 15. Ne4 d5 16. cxd5 Nxd5 17. Qb3 Kh8 18. Ng3 Qd6 19. Nxf5 Rxf5 20. Rad1 Raf8 21.
Rd2 Qxb4 22. Qxb4 Nxb4 23. Ba3 Bc5 24. g3 Nc2 25. Rxc2 Bxa3 26. Bh3 Rf3 27. Rd1 Bb4 28. Bg2 R3f7 29. Rb1 a5 30. a4 g6 31. Bd5 Rd7 32.
Be4 Rff7 33. Rc8+ Kg7 34. Rb8 Rc7 35. Rb2 Rc1+ 36. Kg2 Ra1 37. Bxb7 Rxa4 38. Bd5 Re7 39. Re2 Ra3 40. Be4 Rc3 41. h4 Ra7 42. Ra2 Ra3 43. Rc2 Rc3 44. Ra2 Ra3 45. Rb2 Rc3 46. Rb5 Bc5 47. Rb7+ Rxb7 48. Rxb7+ Kh8 49. Rb8+ Kg7 50.
Rb7+ Kh8 51. Rb8+ Kg7 52. Ra8 Ra3 53. Rc8 Rc3 54. Rc7+ Kh8 55. Rc8+ Kg7 56. Ra8 Ra3 57. g4 Ra2 58. Rc8 Bb4 59. Rc7+ Kf8 60. Rxh7 Be1 61.
Bxg6 Rxf2+ 62. Kg1 a4 63. Ra7 Ra2 64. h5 Bf2+ 65. Kg2 Be3+ 66. Kf3 a3 67. Ke4 Ra1 68. Kd5 a2 69. Be4 Rg1 70. Rxa2 Rxg4 71. Ke6 Kg7 72. Ra7+ Kh6 73. Rh7+ Kg5 74. Kxe5 Rh4 75. Bg6 Rh3 76. Kd5 Kf6 77. Rf7+ Kg5 78. Ke6 Rh1 79. Ke7 Re1 80. Kf8 Ra1 81. Kg7 Ra6 82. Rf5+ Kg4 83. h6 Ra7+ 84.
Rf7 Bxh6+ 85. Kxh6 Ra6 86. Kg7 Kg3 87. Be4 Re6 88.
Rf3+ Kg4 89. Rf5 Rd6 90. Rd5 Re6 91. Bf5+ 1-0

[Event "Early-Titled-Tuesday-Blitz-May-28-2024"]
[Site "Chess.com"]
[Date "2024.05.28"]
[Round "8"]
[White "littlepinkyboy"]
[Black "MrLion3000"]
[Result "0-1"]
[WhiteElo "2634"]
[BlackElo "2787"]
[TimeControl "180+1"]
[EndTime "9:32:18 PDT"]
[Termination "MrLion3000 won by resignation"]

1. e4 c5 2. Nf3 d6 3. d4 cxd4 4. Nxd4 Nf6 5. Nc3 Nc6 6. Bg5 e6 7. Qd2 a6 8. O-O-O Bd7 9. f3 Nxd4 10. Qxd4 Be7 11. Be3 h5 12. Kb1 Qc7 13. Qd2 b5 14. Bf4 b4 15. Ne2 e5 16. Bg5 Be6 17. Bxf6 Bxf6 18. Qxd6 Qb7 19. Nc1 Be7 20. Qxe5 O-O 21. Nb3 Rac8 22. Qxh5 g6 23. Qe5 Qc6 24. Nd4 Rfd8 25.
Rc1 Rxd4 26. Qxd4 Bc5 27. Qd2 Qa4 28. b3 Qa5 29. Be2 Rd8 30. Qg5 Qb6 31. Rhd1 Rc8 32. h4 Be3 33. Qe5 Bxc1 34. Rxc1 Qe3 35. Bxa6 Rd8 36.
Bb7 Rd2 37. Qb8+ Kh7 38. Bd5 Bxd5 39. exd5 Rxd5 40. Qxb4 Qf2 41. Qc4 Rf5 42. Qg4 Qe3 43. a4 Rf4 44. Qg5 Qd2 45. h5 gxh5 46. Qxh5+ Kg7 47. Qg5+ Kf8 48. Qh6+ Ke7 49. Qg5+ Kf8 50. Qc5+ Kg7 51. a5 Rf6 52. Qe5 Qxg2 53. a6 Qf2 54.
Qg5+ Rg6 55. Qe5+ Rf6 56. Qg5+ Rg6 57. Qb5 Qa7 58. Rd1 Rxa6 59. Kb2 Ra2+ 60. Kc3 Qe3+ 61. Qd3 Qc5+ 62. Qc4 Qe3+ 63. Rd3 Qe1+ 64. Rd2 Qe3+ 65. Rd3 Qe1+ 66. Kd4 Ra5 67. Qc3 Qe5+ 68. Kc4 Rc5+ 69. Kb4 Rxc3 70. Rxc3 Qd4+ 71. Rc4 Qd2+ 72. Rc3 Qd4+ 73.
Rc4 Qd2+ 74. Rc3 f5 75. Kc4 Qf4+ 76. Kd5 Qd2+ 77. Kc4 Kf6 78. b4 Ke5 79. Kb3 f4 80. Rd3 Qc1 81. b5 Qb1+ 82. Kc4 Qxc2+ 83. Rc3 Qa4+ 84.
Kc5 Qd4+ 85. Kc6 Qxc3+ 0-1

[Event "Early-Titled-Tuesday-Blitz-May-28-2024"]
[Site "Chess.com"]
[Date "2024.05.28"]
[Round "8"]
[White "Bykov_Egor"]
[Black "CristianS27"]
[Result "1/2-1/2"]
[WhiteElo "2654"]
[BlackElo "2538"]
[TimeControl "180+1"]
[EndTime "9:32:19 PDT"]
[Termination "Game drawn - insufficient material"]

1. e4 e5 2. Nf3 Nc6 3. Bc4 Nf6 4. Ng5 d5 5. exd5 Nd4 6. c3 b5 7. Bf1 Nxd5 8. cxd4 Qxg5 9. Bxb5+ Kd8 10. O-O exd4 11. d3 Qg6 12. Qf3 Bb7 13. Qh3 c6 14. Bc4 Nf6 15. Bd2 a5 16. Bf4 Be7 17. Re1 Nd5 18. Bxd5 cxd5 19. Na3 Bc8 20. Bc7+ Ke8 21. Qh4 Be6 22.
Qxd4 h5 23. Rac1 h4 24. Nb5 h3 25. g3 Kf8 26. Bd6 Bxd6 27. Nxd6 Kg8 28. Rc7 Qh5 29. Qf4 Rb8 30. b3 Rh6 31. Re7 Rf6 32. Qe3 d4 33. Qe2 Qxe2 34. Rxe2 Bg4 35. Re8+ Rxe8 36. Rxe8+ Kh7 37.
Ne4 Rc6 38. f3 Rc1+ 39. Kf2 Rc2+ 40. Ke1 Be6 41. Ng5+ Kg6 42. Nxe6 fxe6 43. Rxe6+ Kf7 44. Re2 Rc1+ 45. Kf2 Rh1 46. Re1 Rxh2+ 47. Kg1 Rxa2 48. Kh1 Rb2 49. Re4 Rxb3 50. Rxd4 Rb2 51. Ra4 Rd2 52. Rxa5 Rxd3 53. Rf5+ Kg6 54. g4 Rd2 55. Rh5 h2 56.
Rxh2 Rd1+ 57. Kg2 Rd2+ 58. Kg3 Rd3 59. Re2 Ra3 60. Re6+ Kf7 61. Re4 Rb3 62. Kf4 Ra3 63.
Rb4 Rc3 64. Rb7+ Kf6 65. g5+ Kg6 66. Kg4 Rc4+ 67. f4 Ra4 68. Rb6+ Kf7 69. Rb5 Rc4 70. Rf5+ Kg6 71. Rd5 Ra4 72. Rd6+ Kf7 73. g6+ Ke7 74. Rb6 Rc4 75. Kg5 Rc1 76. Rb7+ Kf8 77. Rf7+ Kg8 78.
Kf5 Rc5+ 79. Kg4 Rc1 80. Rb7 Kf8 81. Rb8+ Ke7 82. Kg5 Rg1+ 83. Kf5 Ra1 84. Rb7+ Kf8 85. Rf7+ Kg8 86. Rc7 Kf8 87. Kg4 Rg1+ 88. Kf5 Ra1 89. Rc8+ Ke7 90. Rg8 Ra5+ 91. Kg4 Kf6 92. f5 Ra4+ 93.
Kh5 Kxf5 94. Rf8+ Ke6 95. Rf7 Ra5+ 96. Kg4 Ra4+ 97. Kg5 Ra5+ 98. Kf4 Ra4+ 99. Ke3 Ra3+ 100. Ke4 Rg3 101. Rxg7 Kf6 102. Rg8 Rxg6 103. Rxg6+ Kxg6 1/2-1/2

[Event "Early-Titled-Tuesday-Blitz-May-28-2024"]
[Site "Chess.com"]
[Date "2024.05.28"]
[Round "8"]
[White "SoCalJuniorChess"]
[Black "InitiatingASC"]
[Result "1-0"]
[WhiteElo "2254"]
[BlackElo "2408"]
[TimeControl "180+1"]
[EndTime "9:32:23 PDT"]
[Termination "SoCalJuniorChess won by checkmate"]

1. d4 d5 2. Nc3 c5 3. dxc5 d4 4. Na4 e5 5. b4 Nc6 6. a3 Nf6 7. e3 Be7 8. exd4 exd4 9. Bg5 O-O 10. Nf3 Ne4 11. Bxe7 Qxe7 12. Be2 Bg4 13. O-O Nc3 14. Nxc3 dxc3 15. Qd3 Rad8 16. Qc4 Bf5 17. Bd3 Bxd3 18. cxd3 Ne5 19. Nxe5 Qxe5 20. Rac1 Qe2 21. Rxc3 Rfe8 22.
h3 Qd2 23. b5 Re1 24. Rc1 Rxf1+ 25. Kxf1 Rxd3 26. c6 bxc6 27. bxc6 Rd8 28. c7 Rc8 29. Rb1 h6 30. Kg1 Kh7 31. g3 Qd6 32. Rc1 Qd7 33. Kh2 g6 34. Qc5 Kg7 35. Qe5+ Kh7 36. a4 Qd2 37. Qc5 Qd7 38. a5 Qe6 39. Qc6 Qf5 40. a6 Qxf2+ 41. Qg2 Qf6 42. Qc2 Qxa6 43. Qc5 Qb7 44. Qe7 Qf3 45. Rc2 Qd3 46. Qc5 Qf3 47. Rf2 Qxf2+ 48. Qxf2 Rxc7 49. Qb2 Re7 50. Kg2 Kg8 51. Qb8+ Kg7 52. Qd8 Re6 53. Kf3 a6 54.
Qa5 Rf6+ 55. Ke3 h5 56. h4 Rf5 57. Qxa6 Kh7 58. Qd6 Kg7 59. Qe7 Kh7 60. Kd4 Kg7 61.
Ke3 Kh7 62. Qd6 Kg7 63. Qd4+ Kh7 64. Qb2 Kg8 65. Ke4 Kf8 66. Qh8+ Ke7 67. Qh7 Ke6 68. Qg8 Ke7 69. Qc8 Rf6 70. Qc7+ Kf8 71. Qc3 Re6+ 72.
Kf4 Rd6 73. Kg5 Rd5+ 74. Kh6 Rf5 75. Qh8+ Ke7 76. Qd4 Ke6 77. Qe4+ Kf6 78. Qd4+ Ke7 79.
Qb4+ Kf6 80. Qc3+ Ke6 81. Qe3+ Kf6 82. Qd4+ Ke7 83. g4 hxg4 84. Qxg4 Kf6 85. Qd4+ Ke6 86. Kg7 Ke7 87. Qe4+ Kd6 88. Qe8 Kd5 89. Qxf7+ Ke5 90.
Qxg6 Rf3 91. h5 Rf7+ 92. Qxf7 Ke4 93. Qg6+ Ke3 94. h6 Kf3 95. h7 Kf2 96. h8=Q Kf1 97.
Qf8+ Ke1 98. Qge8+ Kd1 99. Qfe7 Kc1 100. Q8d8 Kb1 101. Qec7 Ka1 102. Qdb8 Ka2 103. Qca7# 1-0

[Event "Early-Titled-Tuesday-Blitz-May-28-2024"]
[Site "Chess.com"]
[Date "2024.05.28"]
[Round "8"]
[White "sergeikim"]
[Black "KNVB"]
[Result "0-1"]
[WhiteElo "2614"]
[BlackElo "2771"]
[TimeControl "180+1"]
[EndTime "9:32:28 PDT"]
[Termination "KNVB won by resignation"]

1. d4 e5 2. dxe5 Nc6 3. e4 Qe7 4. Nf3 Nxe5 5. Be2 Nf6 6. Nbd2 Nxf3+ 7. Bxf3 d6 8. O-O g6 9. Re1 Bg7 10. c3 O-O 11. Nf1 Re8 12. Bg5 h6 13. Bh4 g5 14.
Bg3 g4 15. Be2 Qxe4 16. Qd2 Qg6 17. Ne3 Ne4 18. Qd1 Nxg3 19. hxg3 h5 20. Bd3 Qg5 21. Qb3 c6 22. Nc4 Be6 23. Qxb7 Qc5 24. Qa6 Reb8 25. b4 Qb5 26. Qxb5 cxb5 27. Nxd6 Bxc3 28.
Be4 Bxe1 29. Rxe1 a5 30. Bxa8 Rxa8 31. a3 axb4 32. axb4 Ra4 33. Nxb5 Rxb4 34. Nd6 Kg7 35. Ne4 Rb2 36. Nc5 Bf5 37. Na4 Rc2 38. Nb6 Kg6 39. Nd5 Ra2 40. Ne7+ Kf6 41. Nd5+ Kg6 42. Ne7+ Kf6 43. Nd5+ Kg5 44. Nf4 h4 45. Ne2 h3 46.
Nf4 hxg2 47. Kxg2 Bd7 48. Kg1 Bc6 49. Ng2 Bf3 50. Ne3 Ra8 51. Ng2 f6 52. Rc1 Kf5 53. Rc5+ Kg6 54. Rc1 Kg5 55. Rc5+ f5 56. Rc1 Ra7 57. Nh4 Be4 58. Ng2 Kf6 59. Nf4 Ke5 60.
Ng2 Kd4 61. Rd1+ Kc3 62. Nf4 Kc2 63. Re1 Kd2 64. Rf1 Bf3 65. Ng2 Rh7 66. Ra1 Rb7 67. Ra2+ Kc3 68. Ra1 Kb2 69. Re1 Rd7 70. Rf1 Kc3 71.
Re1 Kd2 72. Ra1 Bd1 73. Ne3 Bf3 74. Ng2 Rh7 75. Ra2+ Kc3 76. Ra3+ Kb2 77. Re3 Rc7 78.
Re1 Rc6 79. Nh4 Be4 80. Ng2 Kc2 81. Nh4 Ra6 82. Ng2 Kd2 83. Rf1 Bd3 84. Ne3 Bxf1 85. Kxf1 Ra5 86. Kg2 Ke2 87. Nc4 Rd5 88. Ne3 Rc5 89.
Nf1 Re5 90. Kg1 Re7 91. Kg2 Re8 92. Kg1 Ke1 93. Kg2 Re2 94. Ne3 Rxf2+ 95. Kg1 Rf3 96. Ng2+ Ke2 97. Kh2 Rf2 98. Kg1 Rxg2+ 99. Kxg2 Ke3 0-1

[Event "Early-Titled-Tuesday-Blitz-May-28-2024"]
[Site "Chess.com"]
[Date "2024.05.28"]
[Round "8"]
[White "Dolphin_2010"]
[Black "mbojan"]
[Result "0-1"]
[WhiteElo "2760"]
[BlackElo "2909"]
[TimeControl "180+1"]
[EndTime "9:32:33 PDT"]
[Termination "mbojan won by checkmate"]

1. d4 a6 2. e4 e6 3. Be3 d5 4. Nd2 c5 5. c3 cxd4 6. cxd4 dxe4 7. Nxe4 Be7 8. Nf3 Nd7 9. d5 exd5 10. Qxd5 Ngf6 11.
Nd6+ Bxd6 12. Qxd6 Qa5+ 13. b4 Qa3 14. Rc1 a5 15. Rc4 axb4 16. Bd3 Qa5 17. O-O Qd5 18. Qxb4 Qxd3 19. Rfc1 Kd8 20. Bb6+ Nxb6 21. Rd4+ Qxd4 22. Nxd4 Nbd5 23. Qd6+ Bd7 24. Nf5 Rc8 25. Rb1 Re8 26. Nxg7 Re2 27. Qf8+ Kc7 28. Rc1+ Kb8 29. Rxc8+ Bxc8 30. h3 Kc7 31. Qxf7+ Bd7 32. Qf8 Rxa2 33.
Qc5+ Kb8 34. Qd6+ Ka7 35. Nh5 Ra1+ 36. Kh2 Ra6 37. Qc5+ b6 38. Qd4 Ra4 39. Qe5 Re4 40. Qd6 Re6 41. Qa3+ Kb7 42. Ng7 Re7 43. Nh5 Nxh5 44.
Qd6 Nhf6 45. g4 Re6 46. Qf8 Re2 47.
Kg1 Re1+ 48. Kg2 Re5 49. h4 Bxg4 50. f4 Re7 51. Kg3 Rf7 52. Qxf7+ Bd7 53. f5 b5 54. Qf8 b4 55. Kf3 Kb6 56. Qd6+ Kb5 57. Qe5 Kc4 58. Ke2 b3 59. Kd2 Kb4 60. Qd4+ Ka3 61. Qc5+ Ka4 62.
Kc1 Nb4 63. Qd4 Nd5 64. Kb2 Bxf5 65. Qc4 Bc2 66. Qd4 Kb5 67. Qe5 Kc5 68. Qf6 Nc6 69. Qg7 Na5 70. Qf8+ Kb5 71. Qe8+ Nc6 72. Qg8 Nb6 73. Qxh7 Nc4+ 74. Kc3 Bxh7 75. Kxb3 N4e5 76. Kc3 Nf3 77. h5 Ng5 78. Kd2 Kc4 79. Ke3 Ne6 80.
Kf3 Ne5+ 81. Kg3 Nf7 82. Kh4 Kd5 83. Kg4 Ke5 84. h6 Ke4 85. Kh5 Kf4 86. Kh4 Nd4 87.
Kh5 Nc6 88. Kh4 Nce5 89. Kh5 Ng4 90. Kh4 Nfe5 91. Kh5 Nf6+ 92. Kh4 Nf3+ 93. Kh3 Ne4 94. Kg2 Ke3 95. Kh3 Bf5+ 96. Kg2 Nfg5 97. Kh2 Kf2 98. Kh1 Bh7 99. Kh2 Nd6 100. Kh1 Ndf7 101. Kh2 Nd8 102. Kh1 Nc6 103. Kh2 Ne7 104. Kh1 Nc8 105. Kh2 Nb6 106. Kh1 Nc4 107. Kh2 Ne5 108. Kh1 Nef7 109. Kh2 Nxh6 110. Kh1 Nhf7 111. Kh2 Nd8 112. Kh1 Nde6 113. Kh2 Bf5 114. Kh1 Bh3 115. Kh2 Bf1 116. Kh1 Bg2+ 117. Kh2 Nf3# 0-1

[Event "Early-Titled-Tuesday-Blitz-May-28-2024"]
[Site "Chess.com"]
[Date "2024.05.28"]
[Round "8"]
[White "Azeryahu"]
[Black "youngKID"]
[Result "0-1"]
[WhiteElo "2931"]
[BlackElo "2900"]
[TimeControl "180+1"]
[EndTime "9:32:55 PDT"]
[Termination "youngKID won on time"]

1. e4 c5 2. Nf3 Nc6 3. Bb5 g6 4.
O-O Bg7 5. Re1 e5 6. Bxc6 dxc6 7. d3 Qc7 8. Be3 b6 9. a3 a5 10. Nbd2 Nf6 11. h3 O-O 12. Nc4 Nd7 13. Qb1 Re8 14.
c3 a4 15. Qc2 Ba6 16. Rad1 Nf8 17. Ncd2 Ne6 18. Nf1 Red8 19. Ng3 Ra7 20. Rd2 Qb8 21. Red1 Rad7 22. Qxa4 Bxd3 23. Qxc6 b5 24. Ne1 Rd6 25. Qxd6 Rxd6 26. Nxd3 c4 27. Nb4 Rxd2 28. Rxd2 h5 29. Ne2 Qb7 30. Rd5 Kh7 31. h4 Bh6 32. Bxh6 Kxh6 33.
Rxe5 Qa8 34. Rd5 Nc7 35. Rd4 Ne6 36. Rd5 Nc7 37. Rd4 Qa4 38. Nf4 Qb3 39. Rd2 Qa4 40. Rd7 Ne6 41. Nxe6 fxe6 42. g3 Qa8 43. Rd4 Qe8 44.
Kg2 Qe7 45. Nc2 Qc5 46. Ne3 Qe5 47. Kf3 Qf6+ 48. Ke2 Qe5 49. Ng2 Qb8 50. Rd2 Qb7 51.
Kf3 Qf7+ 52. Ke3 Qa7+ 53. Ke2 Qb7 54. Rd4 Qb6 55. Ne3 Qb7 56. Kf3 Qf7+ 57. Ke2 Qb7 58. f3 Qb8 59. Kf2 Qa7 60. Rd2 Qb6 61. Ke2 Qb8 62.
Nf1 Qb7 63. Rd6 Qe7 64. Rd4 Qa7 65. Ne3 Qb7 66. Rd2 Qb8 67. Kf2 Qb7 68. Ng2 Qb6+ 69. Kf1 Qa7 70. Re2 Qd7 71. Nf4 Qd1+ 72. Kf2 e5 73.
Nd5 Qh1 74. Ne3 Qh2+ 75. Ng2 Qh3 76. Rd2 Qh1 77. Re2 Qc1 78. Ne3 Qh1 79. Nf1 Qh3 80. Rd2 Qe6 81. Rd5 Qb6+ 82. Kg2 Qa5 83. Rxe5 Qa4 84. Ne3 Qb3 85. Kh3 Qxb2 86. Nd5 Qxa3 87.
Re8 Qa1 88. Kh2 Qb2+ 89. Kh3 Qc1 90. Kh2 Qd2+ 91. Kh3 Qd1 92. Kg2 Qe2+ 93. Kg1 Qxf3 94. Kh2 Qf2+ 95. Kh3 Qg1 0-1

[Event "Early-Titled-Tuesday-Blitz-May-28-2024"]
[Site "Chess.com"]
[Date "2024.05.28"]
[Round "8"]
[White "Abund"]
[Black "Jospem"]
[Result "1-0"]
[WhiteElo "2818"]
[BlackElo "3014"]
[TimeControl "180+1"]
[EndTime "9:33:39 PDT"]
[Termination "Abund won on time"]

1. e4 c5 2. Nf3 d6 3. Bb5+ Nd7 4.
c3 Nf6 5. Qe2 a6 6. Ba4 b5 7. Bc2 Bb7 8. d4 e6 9. O-O Be7 10. Re1 Qc7 11. Bd3 O-O 12. Nbd2 e5 13.
dxe5 dxe5 14. c4 b4 15. Nf1 Rfe8 16. N3d2 Nf8 17. Ne3 Ne6 18. Nd5 Qd6 19. Nf1 Nd4 20. Qd1 Bf8 21. Bg5 Nd7 22. Qh5 f6 23. Bd2 g6 24. Qh3 Bg7 25. Nfe3 Nf8 26. Be2 Nfe6 27. Ng4 Rf8 28. Bd3 Kh8 29. a3 b3 30. Bh6 Bxh6 31.
Qxh6 Bxd5 32. cxd5 Nf4 33. Rad1 Rf7 34. Kh1 Rc8 35.
g3 Nh5 36. Bc4 a5 37. Re3 a4 38. Rc1 Qd7 39. h3 Qd6 40. Kg2 Ng7 41. Ree1 Re8 42. Qd2 Rff8 43. Nh6 f5 44. exf5 gxf5 45. Rc3 f4 46.
Ng4 h5 47. Nh2 Qg6 48. Bd3 e4 49. Bb1 h4 50. g4 Re5 51. Rxc5 f3+ 52. Kg1 Ne2+ 53.
Rxe2 fxe2 54. Qxe2 Qg5 55. Nf1 Qf4 56. Ne3 Ne6 57.
Rc4 Ng5 58. Kg2 Re7 59. d6 Ref7 60. Nd1 Qxd6 61. Qe3 Qf4 62. Qxf4 Rxf4 63. Rc5 Nf3 64. Rh5+ Kg7 65. Nc3 Ne1+ 66. Kf1 Nd3 67. Bxd3 exd3 68.
Nd1 Re4 69. Rd5 Rf3 70. Kg2 Rf8 71. Rxd3 Re2 72. Kf1 Rc2 73. Kg2 Re8 74. Kf3 Re1 75.
Kf4 Rh1 76. Kg5 Kf7 77. Kxh4 Ke6 78. f4 Rxd1 79. Rxd1 Rxb2 80. Rd4 Rc2 81. Rxa4 b2 82. Rb4 Kd5 83. Kg5 Kc6 84. h4 Rc5+ 85. Kg6 Rb5 86.
Rxb2 Rxb2 87. h5 Kd7 88. f5 Ke8 89. g5 Kf8 90. Kh7 Rb7+ 91. Kh6 Kf7 92. f6 Ra7 93.
Kh7 Rxa3 94. g6+ Kxf6 95. g7 Ra7 96. h6 Rb7 97. Kh8 Kg6 98. g8=Q+ Kxh6 99. Qf8+ Kg6 100. Qe8+ Kf5 101. Qc8+ Rd7 102. Qxd7+ Ke5 103. Qg7+ Ke6 104. Kh7 Kd5 105. Kh6 Kd6 106. Kh5 Kd5 107. Kh4 Ke4 108. Kh3 Ke3 109. Kh2 Kd3 110. Kh1 Kc4 111. Qe5 Kb4 112. Qc7 Kb3 113. Kg2 Kb2 114. Kf3 Kb3 115. Ke3 Kb2 116. Kd3 Kb1 117. Qc2+ Ka1 118. Qd2 1-0

[Event "Early-Titled-Tuesday-Blitz-May-28-2024"]
[Site "Chess.com"]
[Date "2024.05.28"]
[Round "9"]
[White "Gumugama"]
[Black "FMStan15"]
[Result "1-0"]
[WhiteElo "2314"]
[BlackElo "2141"]
[TimeControl "180+1"]
[EndTime "9:41:00 PDT"]
[Termination "Gumugama won by checkmate"]

1. e4 e6 2. d4 d5 3. e5 c5 4. c3 Nc6 5. Nf3 Qb6 6. Bd3 cxd4 7.
O-O dxc3 8. Nxc3 Bd7 9. Be3 Qd8 10. Rc1 Nge7 11. Bg5 h6 12. Nb5 f6 13. Nd6# 1-0

[Event "Early-Titled-Tuesday-Blitz-May-28-2024"]
[Site "Chess.com"]
[Date "2024.05.28"]
[Round "9"]
[White "ArchibaldCerveza29"]
[Black "GoValya"]
[Result "1-0"]
[WhiteElo "2356"]
[BlackElo "2221"]
[TimeControl "180+1"]
[EndTime "9:41:47 PDT"]
[Termination "ArchibaldCerveza29 won by checkmate"]

1. e4 e6 2. d4 d5 3. Nd2 c5 4. c3 Nc6 5. Ngf3 Nf6 6. Bd3 cxd4 7. cxd4 Nb4 8. Bb1 b6 9. e5 Nd7 10. a3 Nc6 11. O-O Be7 12. g3 Ba6 13. Re1 O-O 14. Qc2 Rc8 15. Qxh7# 1-0

[Event "Early-Titled-Tuesday-Blitz-May-28-2024"]
[Site "Chess.com"]
[Date "2024.05.28"]
[Round "9"]
[White "SoCalJuniorChess"]
[Black "Actuary44"]
[Result "0-1"]
[WhiteElo "2250"]
[BlackElo "2472"]
[TimeControl "180+1"]
[EndTime "9:42:02 PDT"]
[Termination "Actuary44 won by resignation"]

1. d4 Nf6 2. Nc3 g6 3. Bf4 d6 4. e3 Bg7 5. h4 Nc6 6. h5 Nxh5 7. Rxh5 gxh5 8. Qxh5 e5 9. Bg5 Bf6 10. Bh6 exd4 11.
exd4 Nxd4 12. O-O-O Be6 13. Nd5 c6 14. Nxf6+ Qxf6 15. c3 Nf5 16. Nf3 Qxh6+ 0-1

[Event "Early-Titled-Tuesday-Blitz-May-28-2024"]
[Site "Chess.com"]
[Date "2024.05.28"]
[Round "9"]
[White "frankshar"]
[Black "Javylavilla"]
[Result "1-0"]
[WhiteElo "2502"]
[BlackElo "2339"]
[TimeControl "180+1"]
[EndTime "9:42:09 PDT"]
[Termination "frankshar won by resignation"]

1. d4 Nf6 2. c4 e6 3. Nf3 d5 4. g3 Be7 5. Bg2 O-O 6. O-O dxc4 7. Qc2 a6 8. a4 Bd7 9. Qxc4 Bc6 10. Bg5 Nbd7 11. Nc3 h6 12. Bxf6 Nxf6 13. a5 Rc8 14.
Rfd1 Nd5 15. Ne5 Nxc3 16. Nxc6 bxc6 17. Qxc3 Rb8 18. Qxc6 Rxb2 19. Qxa6 Bf6 20. Qd3 Qb8 21. a6 Rd8 22. a7 1-0

[Event "Early-Titled-Tuesday-Blitz-May-28-2024"]
[Site "Chess.com"]
[Date "2024.05.28"]
[Round "9"]
[White "tusplingher"]
[Black "hsd2016"]
[Result "1-0"]
[WhiteElo "2583"]
[BlackElo "2424"]
[TimeControl "180+1"]
[EndTime "9:42:19 PDT"]
[Termination "tusplingher won by resignation"]

1. e4 c5 2. Nf3 e6 3. d4 cxd4 4. Nxd4 a6 5. Bd3 Bc5 6. Nb3 Ba7 7. Qe2 Nc6 8. Be3 Nf6 9. O-O O-O 10. c4 d5 11.
cxd5 exd5 12. exd5 Nxd5 13. Bxa7 Rxa7 14. Bc4 Be6 15.
Na3 Nf4 16. Qf3 Qg5 17. Qg3 Bg4 18. f3 Ne5 19. fxg4 Nxc4 20. Qxf4 1-0

[Event "Early-Titled-Tuesday-Blitz-May-28-2024"]
[Site "Chess.com"]
[Date "2024.05.28"]
[Round "9"]
[White "aljado"]
[Black "NovakRatko"]
[Result "1-0"]
[WhiteElo "2182"]
[BlackElo "2360"]
[TimeControl "180+1"]
[EndTime "9:42:22 PDT"]
[Termination "aljado won by resignation"]

1. e4 d5 2. d4 dxe4 3. Nc3 e5 4. Nxe4 exd4 5. Nf3 Nc6 6. Bb5 Bd7 7. O-O f5 8.
Neg5 Bc5 9. Bxc6 bxc6 10. Nxd4 Qf6 11. Re1+ Ne7 12. Nge6 Bd6 13. Bg5 Qf7 14. Bxe7 Qxe7 15. Nxg7+ 1-0

[Event "Early-Titled-Tuesday-Blitz-May-28-2024"]
[Site "Chess.com"]
[Date "2024.05.28"]
[Round "9"]
[White "suyu28"]
[Black "Muracle"]
[Result "1-0"]
[WhiteElo "2765"]
[BlackElo "2576"]
[TimeControl "180+1"]
[EndTime "9:42:30 PDT"]
[Termination "suyu28 won by checkmate"]

1. e4 c6 2. d4 d5 3. Nc3 dxe4 4. Nxe4 Nf6 5. Nxf6+ exf6 6. c3 Bd6 7. Bd3 O-O 8. Qc2 Re8+ 9. Ne2 h5 10. O-O Nd7 11. Ng3 g6 12. Bxg6 fxg6 13. Qxg6+ Kh8 14. Qxh5+ Kg8 15. Qg6+ Kh8 16. Nf5 Bf8 17. Qh5+ Kg8 18. Qg6+ Kh8 19. Bh6 Ne5 20. Bg7+ Kg8 21. Nh6# 1-0

[Event "Early-Titled-Tuesday-Blitz-May-28-2024"]
[Site "Chess.com"]
[Date "2024.05.28"]
[Round "9"]
[White "Qvalda"]
[Black "MiguelBestard1981"]
[Result "1-0"]
[WhiteElo "2412"]
[BlackElo "2277"]
[TimeControl "180+1"]
[EndTime "9:42:57 PDT"]
[Termination "Qvalda won by checkmate"]

1. d4 d5 2. c4 c5 3. cxd5 cxd4 4. Qxd4 Nc6 5. Qa4 Qxd5 6. Nc3 Qa5 7. Qxa5 Nxa5 8. Nf3 Bd7 9. g3 Bc6 10. Bg2 O-O-O 11.
O-O f6 12. Be3 b6 13. Rfc1 Kb7 14. b4 Nc4 15. b5 Bxf3 16. Bxf3+ Kb8 17. Nd5 Nxe3 18.
Nb4 a5 19. Na6+ Ka7 20. Rc7# 1-0

[Event "Early-Titled-Tuesday-Blitz-May-28-2024"]
[Site "Chess.com"]
[Date "2024.05.28"]
[Round "9"]
[White "LileKoridze"]
[Black "Let_it_be_1"]
[Result "0-1"]
[WhiteElo "2439"]
[BlackElo "2595"]
[TimeControl "180+1"]
[EndTime "9:43:13 PDT"]
[Termination "Let_it_be_1 won by resignation"]

1. d4 d5 2. c4 e6 3. Nf3 Nf6 4.
g3 Be7 5. Bg2 O-O 6. O-O dxc4 7.
Qc2 a6 8. a4 Bd7 9. Bg5 Bc6 10.
Na3 b5 11. e3 Be4 12. Qc1 c6 13. Ne5 Bxg2 14. Kxg2 h6 15. Bxf6 Bxf6 16. Qc2 Bxe5 17.
dxe5 Qd5+ 18. Kg1 Qxe5 19. Rad1 Ra7 20. Rd4 Rd7 21. Rfd1 Rd5 22. Nb1 Rfd8 23. Nc3 Rxd4 24. Rxd4 Rxd4 25. exd4 Qxd4 26. b3 b4 27. Ne4 cxb3 28.
Qxb3 Qxe4 0-1

[Event "Early-Titled-Tuesday-Blitz-May-28-2024"]
[Site "Chess.com"]
[Date "2024.05.28"]
[Round "9"]
[White "Galileo22"]
[Black "Budag-Leyla"]
[Result "1-0"]
[WhiteElo "2633"]
[BlackElo "2204"]
[TimeControl "180+1"]
[EndTime "9:43:24 PDT"]
[Termination "Galileo22 won by resignation"]

1. e4 d5 2. exd5 Nf6 3. Nf3 Nxd5 4. d4 Bg4 5. h3 Bh5 6. Be2 e6 7. O-O Nc6 8. Re1 Be7 9. c3 O-O 10. Nbd2 Bg6 11. Nc4 Bf6 12. a4 Rb8 13. Bf1 a6 14. a5 Re8 15. g3 h6 16. Bg2 Qe7 17. Bd2 Rbd8 18. Qb3 Rb8 19. Nh2 Bd3 20. Bxd5 Qd7 21.
Bg2 b5 22. axb6 cxb6 23. Ne3 Na5 24. Qd1 Nc4 25. Nxc4 Bxc4 26. Ng4 Be7 27. Ne5 Qc7 28.
Nxc4 Qxc4 29. Bf1 Qc7 30. Rxa6 Bd6 31. Qg4 Ra8 32. Rxa8 Rxa8 33. Bxh6 f5 34. Qg6 1-0

[Event "Early-Titled-Tuesday-Blitz-May-28-2024"]
[Site "Chess.com"]
[Date "2024.05.28"]
[Round "9"]
[White "Nitzan_Steinberg"]
[Black "ljuks68"]
[Result "1-0"]
[WhiteElo "2907"]
[BlackElo "2450"]
[TimeControl "180+1"]
[EndTime "9:43:31 PDT"]
[Termination "Nitzan_Steinberg won by resignation"]

1. e4 e6 2. d4 d5 3. Nc3 Bb4 4. e5 Ne7 5. Bd2 b6 6. Nf3 c5 7. Nb5 Bxd2+ 8. Qxd2 O-O 9. c3 Nf5 10. Bd3 a6 11. Bxf5 axb5 12. Bd3 Ba6 13. b4 c4 14. Bc2 f5 15. exf6 Qxf6 16. O-O Nc6 17. Rae1 Bc8 18.
Bb1 Bd7 19. Re2 Ra3 20. Qc2 g6 21. Qc1 Kg7 22. Qxa3 1-0